 Dungeon Crawl Stone Soup version 0.21.0-24-g2553a33 (webtiles) character file.

5815 vatarom the Summoner (level 10, 0/64 HPs)
             Began as a Tengu Summoner on Jan 19, 2018.
             Was a Believer of Vehumet.
             Slain by an unseen horror (7 damage)
             ... on level 11 of the Dungeon.
             The game lasted 00:26:41 (13973 turns).

vatarom the Summoner (Tengu Summoner)              Turns: 13973, Time: 00:26:41

Health: 0/64       AC:  5    Str: 14    XL:     10   Next: 79%
Magic:  17/19      EV: 16    Int: 17    God:    Vehumet [**....]
Gold:   487        SH:  4    Dex: 15    Spells: 6/20 levels left

rFire    . . .     SeeInvis .   s - +0 halberd
rCold    . . .     Gourm    .   (shield currently unavailable)
rNeg     . . .     Faith    .   x - +0 troll leather armour
rPois    .         Spirit   .   (helmet restricted)
rElec    .         Reflect  +   t - +0 cloak
rCorr    .         Harm     .   (no gloves)
MR       .....                  (boots unavailable)
Stlth    ++........             g - +4 amulet of reflection
HPRegen  0.60/turn              p - +4 ring of strength
MPRegen  0.16/turn              (no ring)

@: no status effects
A: beak, talons 3, able to fly 1
a: Fly, Renounce Religion


You were on level 11 of the Dungeon.
You worshipped Vehumet.
Vehumet was pleased with you.
You were hungry.

You visited 2 branches of the dungeon, and saw 12 of its levels.

You collected 487 gold pieces.

Inventory:

Hand Weapons
 s - a +0 halberd (weapon)
Armour
 l - a +0 buckler
 t - a +0 cloak (worn)
 x - a +0 troll leather armour (worn)
Jewellery
 g - a +4 amulet of reflection (around neck)
 p - a +4 ring of strength (left hand)
Wands
 f - a wand of iceblast (5)
 q - a wand of acid (5)
 w - a wand of flame (6)
Scrolls
 d - 4 scrolls of enchant weapon
 j - 6 scrolls of teleportation
 n - 3 scrolls of fog
 o - 4 scrolls of remove curse
 r - 2 scrolls of immolation
 A - a scroll of enchant armour
Potions
 a - a potion of flight
 e - a potion of lignification
 h - a potion of brilliance
 i - 2 potions of cancellation
 k - a potion of heal wounds
 m - 5 potions of curing
 u - a potion of haste
 v - 2 potions of ambrosia
Comestibles
 c - 4 rations


   Skills:
 * Level 8.0 Fighting
 * Level 8.5 Polearms
 * Level 7.8 Dodging
 - Level 2.0 Stealth
 + Level 5.5 Spellcasting
 + Level 9.0 Summonings
 - Level 3.0 Air Magic


You had 6 spell levels left.
You knew the following spells:

 Your Spells              Type           Power        Failure   Level  Hunger
a - Summon Small Mammal   Summ           ####         1%          1    None
b - Call Imp              Summ           #####...     1%          2    #......
c - Call Canine Familiar  Summ           #####...     1%          3    ##.....
d - Summon Lightning Spi  Summ/Air       ####....     14%         4    ####...
e - Summon Ice Beast      Ice/Summ       ###.....     26%         4    ####...


Dungeon Overview and Level Annotations

Branches:
Dungeon (11/15)            Temple (1/1) D:4             Orc (0/2) D:10
   Lair: D:8-11

Altars:
Cheibriados
Dithmenos
Elyvilon
Fedhas
Gozag
Hepliaklqana
Kikubaaqudgha
Makhleb
Nemelex Xobeh
Okawaru
Qazlal
Ru
Sif Muna
Trog
Uskayaw
Vehumet
Wu Jian
Xom
Yredelemnul
Zin
The Shining One

Shops:
D:6 }%   D:8 }

Annotations:
D:2 2 transporters, Jessica, Menkaure
D:7 1 runed door, Dowan, Duvessa


Innate Abilities, Weirdness & Mutations

You have a beak for a mouth.
You have claws for feet.
You can fly.


Message History

Something closely misses you. The orc priest misses your ice beast.
Something hits you! You block something's attack.
Something hits your ice beast.
The orc priest mumbles some strange prayers to Beogh against you.
Beogh smites you!
* * * LOW HITPOINT WARNING * * *
Your ice beast hits something but does no damage.
Something barely misses you.
Your ice beast barely misses something.
Something hits you.
* * * LOW HITPOINT WARNING * * *
The orc priest looks encouraged for a moment.
Something hits you but does no damage.
A sky beast appears from thin air!
Reactivating autopickup.
Deactivating autopickup; reactivate with Ctrl-A.
You hit something. You claw something. Something hits you!
* * * LOW HITPOINT WARNING * * *
The sky beast closely misses you.
Your ice beast barely misses the sky beast.
Something hits you!
You die...

##### #.... #.###
##### #.### ##...##
##.#..
#############.....#
#.....
#..##.Y.Y@........#
#..... .
#....o...{###.....#
#.###. ..o
#.....###.# ##...##
#.# #. #:..#...#.#
#.# ##.## #.# #.
#..'.....# #.# #.#
#.# ## #...#..####
#.# #.## #.####
......#..# #.# #..#
#..... ..... #..#
#.# ##.# ######
##### #... ..# #.#


You could see a sky beast, an orc priest and a friendly ice beast.

Vanquished Creatures
  The ghost of Thaneod the Fighter, a journeyman GrTm of the Shining One (D:10)
  3 two-headed ogres
  Pikel (D:8)
  A gargoyle (D:10)
  2 yaks (D:9)
  A warg (D:10)
  A water moccasin (D:7)
  An ice beast (D:9)
  A big kobold (D:8)
  6 bullfrogs
  A wyvern skeleton (D:11)
  A water moccasin skeleton (D:8)
  A howler monkey (D:5)
  5 crimson imps
  A bullfrog zombie (D:8)
  4 hounds
  A gnoll shaman (D:5)
  An iron imp (D:7)
  An orc wizard (D:6)
  A bullfrog skeleton (D:8)
  An iguana (D:9)
  2 worker ants (D:8)
  10 adders
  5 gnolls
  A shadow imp (D:6)
  An ooze (D:2)
  An adder zombie (D:7)
  2 dart slugs (D:1)
  A leopard gecko (D:6)
  14 orcs
  3 giant cockroaches
  3 goblins
  5 hobgoblins
  A jackal (D:4)
  A quokka (D:9)
  4 bats
  5 frilled lizards
  3 kobolds
  3 rats
101 creatures vanquished.

Vanquished Creatures (collateral kills)
  A two-headed ogre (D:10)
  2 trolls
  Sigmund (D:6)
  A yak (D:9)
  3 wargs (D:10)
  3 orc warriors
  A phantom (D:6)
  2 ogres
  A crocodile (D:10)
  A bullfrog (D:10)
  A gnoll sergeant (D:9)
  3 scorpions
  A crimson imp (D:6)
  A centaur zombie (D:9)
  2 bullfrog skeletons
  2 hounds
  An orc priest (D:9)
  2 centaur skeletons
  6 orc wizards
  Terence (D:3)
  An iguana (D:4)
  A worker ant (D:6)
  A hound skeleton (D:5)
  A worker ant zombie (D:8)
  8 gnolls
  3 adders
  A shadow imp (D:10)
  A worm (D:3)
  2 dart slugs
  A leopard gecko (D:1)
  19 orcs
  A ball python (D:8)
  A bat (D:1)
  A giant cockroach (D:1)
  2 goblins
  7 hobgoblins
  2 jackals (D:4)
  2 frilled lizards
  6 kobolds
  4 rats
101 creatures vanquished.

Vanquished Creatures (others)
  A centaur (D:8)
  2 plants (D:8)
3 creatures vanquished.

Grand Total: 205 creatures vanquished

Notes
Turn   | Place    | Note
-------+----------+-------------------------------------------
     0 | D:1      | vatarom the Tengu Summoner began the quest for the Orb.
     0 | D:1      | Reached XP level 1. HP: 10/10 MP: 4/4
   348 | D:1      | Reached skill level 5 in Summonings
   380 | D:1      | Reached XP level 2. HP: 15/16 MP: 4/6
   424 | D:1      | Reached skill level 1 in Fighting
   516 | D:1      | Learned a level 2 spell: Call Imp
  1058 | D:2      | Reached XP level 3. HP: 12/20 MP: 1/7
  1428 | D:2      | Found a transporter.
  1432 | D:2      | Noticed a phantom
  1461 | D:2      | Found a basalt altar of Yredelemnul.
  1738 | D:2      | Found a transporter.
  1777 | D:2      | Found an ancient bone altar of Kikubaaqudgha.
  1782 | D:2      | Noticed Menkaure
  1787 | D:2      | Noticed Jessica
  2003 | D:3      | Found a faded altar of an unknown god.
  2198 | D:3      | Reached XP level 4. HP: 26/26 MP: 4/8
  2257 | D:3      | Learned a level 3 spell: Call Canine Familiar
  2387 | D:3      | Noticed Terence
  2431 | D:3      | Killed Terence
  2431 | D:3      | Reached skill level 1 in Polearms
  2863 | D:4      | Found a bloodstained altar of Trog.
  2942 | D:4      | Gained mutation: You can fly. [Tengu growth]
  2942 | D:4      | Reached XP level 5. HP: 22/30 MP: 3/10
  3091 | D:4      | Noticed an ogre
  3107 | D:4      | Killed an ogre
  3107 | D:4      | Reached skill level 6 in Summonings
  3333 | D:4      | Found a staircase to the Ecumenical Temple.
  3447 | Temple   | Entered the Ecumenical Temple
  3501 | Temple   | Became a worshipper of Vehumet
  3693 | D:4      | Reached XP level 6. HP: 32/36 MP: 7/11
  4373 | D:5      | Entered Level 5 of the Dungeon
  5068 | D:5      | Found a shadowy altar of Dithmenos.
  5099 | D:5      | Found a sparkling altar of Nemelex Xobeh.
  5142 | D:5      | You fall through a shaft for 3 floors!
  5144 | D:8      | Noticed a yak
  5144 | D:8      | Noticed a yak
  5144 | D:8      | Noticed a dream sheep
  5144 | D:8      | Noticed a dream sheep
  5302 | D:8      | Learned a level 4 spell: Summon Lightning Spire
  5337 | D:7      | Noticed Dowan
  5340 | D:7      | Noticed Duvessa
  5344 | D:7      | Noticed a water moccasin
  5689 | D:7      | Noticed an orc warrior
  5708 | D:7      | Killed an orc warrior
  5876 | D:7      | Reached skill level 1 in Air Magic
  5876 | D:7      | Reached XP level 7. HP: 35/41 MP: 10/12
  6961 | D:6      | Noticed Sigmund
  7208 | D:6      | Killed Sigmund
  7208 | D:6      | Reached skill level 7 in Summonings
  7729 | D:6      | Reached XP level 8. HP: 10/48 MP: 3/14
  7942 | D:6      | Found a shimmering altar of Xom.
  8120 | D:6      | Learned a level 4 spell: Summon Ice Beast
  8147 | D:6      | Reached * piety under Vehumet
  8147 | D:6      | Offered knowledge of Sandblast by Vehumet.
  8173 | D:6      | Found an iron altar of Okawaru.
  8301 | D:6      | Found Kemasas's Gadget Shoppe.
  8304 | D:6      | Found Ehasedd's Food Shoppe.
  8795 | D:7      | Found a runed door.
  9148 | D:7      | Found a snail-covered altar of Cheibriados.
  9466 | D:8      | Noticed a troll
  9486 | D:8      | Found Qunwypp's Gadget Shoppe.
  9509 | D:8      | Reached skill level 5 in Polearms
  9535 | D:8      | Killed a troll
  9535 | D:8      | Reached skill level 5 in Fighting
  9720 | D:8      | Noticed Pikel
  9745 | D:8      | Killed Pikel
  9745 | D:8      | Reached XP level 9. HP: 54/54 MP: 5/16
 10281 | D:8      | Found an ornate altar of the Wu Jian Council.
 10573 | D:9      | Reached ** piety under Vehumet
 10573 | D:9      | Offered knowledge of Shock by Vehumet.
 10979 | D:9      | Reached skill level 5 in Dodging
 11018 | D:9      | Noticed a two-headed ogre
 11046 | D:9      | Killed a two-headed ogre
 11046 | D:9      | Reached skill level 8 in Summonings
 11422 | D:9      | Noticed a two-headed ogre
 11440 | D:9      | Killed a two-headed ogre
 11440 | D:9      | Reached XP level 10. HP: 61/61 MP: 3/18
 11750 | D:9      | Reached skill level 5 in Spellcasting
 12129 | D:10     | Entered Level 10 of the Dungeon
 12238 | D:10     | Noticed Thaneod's ghost (journeyman GrTm)
 12460 | D:10     | Noticed a two-headed ogre
 12472 | D:10     | Killed a two-headed ogre
 12570 | D:10     | Offered knowledge of Throw Flame by Vehumet.
 12634 | D:10     | Found a staircase to the Orcish Mines.
 12715 | D:10     | Noticed a gargoyle
 12762 | D:10     | Killed a gargoyle
 13109 | D:10     | Killed Thaneod's ghost
 13585 | D:10     | Reached *** piety under Vehumet
 13645 | D:10     | Noticed a two-headed ogre
 13654 | D:10     | Killed a two-headed ogre
 13654 | D:10     | Reached skill level 9 in Summonings
 13973 | D:11     | Slain by an unseen horror

Skill      XL: |  1  2  3  4  5  6  7  8  9 10 |
---------------+-------------------------------+-----
Summonings     | 5 6 7 8 9 |  9.0
Fighting       | 1 2 3 4 5 6 8 |  8.0
Polearms       | 1 2 3 4 5 7 8 |  8.5
Spellcasting   | 3 4 5 |  5.5
Air Magic      | 1 3 |  3.0
Dodging        | 4 6 7 |  7.8
Stealth        | |  2.0

Action                   |  1- 3 |  4- 6 |  7- 9 | 10-12 || total
-------------------------+-------+-------+-------+-------++-------
Melee: Club              |    15 |       |       |       ||    15
       Kick              |    18 |    28 |    39 |    16 ||   101
       Peck              |     8 |    13 |    37 |     8 ||    66
       Unarmed           |     1 |       |       |       ||     1
       Dagger            |    27 |       |       |       ||    27
       Spear             |    36 |   122 |   177 |       ||   335
       Halberd           |       |       |    33 |    79 ||   112
 Cast: Summon Small Mamm |    15 |       |       |       ||    15
       Call Imp          |    23 |    18 |    15 |     2 ||    58
       Call Canine Famil |       |    14 |    17 |     2 ||    33
       Summon Lightning  |       |       |    39 |    17 ||    56
       Summon Ice Beast  |       |       |       |    13 ||    13
 Abil: Fly               |       |     1 |       |       ||     1
Evoke: Wand              |       |       |     6 |     5 ||    11
  Use: Scroll            |     3 |     9 |     6 |     3 ||    21
       Potion            |     1 |     3 |       |       ||     4
 Stab: Sleeping          |     4 |     4 |     3 |     4 ||    15
       Distracted        |       |       |     5 |       ||     5
  Eat: Chunk             |     5 |     6 |     4 |     7 ||    22
       Ration            |       |     4 |     6 |     2 ||    12
Armor: Robe              |    16 |       |       |       ||    16
       Leather armour    |     4 |    22 |    25 |       ||    51
       Troll leather arm |       |       |     7 |    13 ||    20
Dodge: Dodged            |    43 |    44 |    86 |    48 ||   221
Block: Other             |     2 |    21 |    20 |     9 ||    52
       Reflection        |       |     3 |       |       ||     3
